 Dungeon Crawl Stone Soup version 0.29.0-11-gd7f09526c8 (webtiles) character file.

Game seed: 8896200868118939111

3023 Gabide the Basher (level 10, -11/80 HPs)
             Began as a Formicid Berserker on Sept 2, 2022.
             Was a Priest of Trog.
             Mangled by a gnoll sergeant
             ... wielding a +4 trident of venom
              (13 damage)
             ... on level 7 of the Dungeon.
             The game lasted 00:10:20 (8574 turns).

Gabide the Basher (Formicid Berserker)              Turns: 8574, Time: 00:10:21

Health: -11/80     AC:  6    Str: 27    XL:     10   Next: 10%
Magic:  10/10      EV: 16    Int:  6    God:    Trog [***...]
Gold:   54         SH:  0    Dex: 13    Spells: 9/9 levels left

rFire   . . .      SeeInvis +   x - +0 giant spiked club
rCold   . . .      Faith    .   (shield currently unavailable)
rNeg    . . .      Spirit   .   h - +0 ring mail
rPois   +          Reflect  .   (helmet unavailable)
rElec   .          Harm     .   (no cloak)
rCorr   .          Rampage  .   r - +0 pair of gloves
Will    +....                   (no boots)
Stlth   +.........              y - amulet of magic regeneration
HPRegen 0.23/turn               s - ring of poison resistance
MPRegen 0.52/turn               p - +4 ring of evasion

@: no status effects
A: permanent stasis, dig shafts and tunnels, antennae 3, four strong arms
a: Dig, Shaft Self, Renounce Religion, Trog's Hand


You were on level 7 of the Dungeon.
You worshipped Trog.
Trog was most pleased with you.
You visited 1 branch of the dungeon, and saw 7 of its levels.

You collected 403 gold pieces.
You spent 349 gold pieces at shops.

Inventory:

Hand Weapons
 u - the +3 whip of Socsouch {antimagic, rN+}
   (You found it on level 4 of the Dungeon)

   It reduces the magical energy of the wielder, and disrupts the spells and
   magical abilities of those it strikes.
   Natural abilities and divine invocations are not affected.
   rN:        It protects you from negative energy.
 x - a +0 giant spiked club (weapon)
Missiles
 b - 24 poisoned darts
Armour
 h - a +0 ring mail (worn)
 r - a +0 pair of gloves (worn)
Jewellery
 p - a +4 ring of evasion (right hand)
 s - a ring of poison resistance (left hand)
 w - a +6 ring of intelligence
 y - an amulet of magic regeneration (around neck)
 z - a ring of resist corrosion
Scrolls
 a - a scroll of torment {unknown}
 c - a scroll of amnesia {unknown}
 e - a scroll of brand weapon {unknown}
 f - 2 scrolls of teleportation {unknown}
 i - 4 scrolls of noise
 j - 3 scrolls of magic mapping
 l - a scroll of vulnerability
 n - a scroll of blinking {unknown}
 t - a scroll of fear {unknown}
 A - a scroll of identify
 B - a scroll of butterflies {unknown}
 C - a scroll of immolation {unknown}
Potions
 d - a potion of might
 g - 3 potions of mutation
 k - 2 potions of ambrosia {unknown}
 o - 3 potions of magic
 q - 2 potions of invisibility {unknown}
 v - 2 potions of curing
 D - a potion of heal wounds {unknown}


   Skills:
 + Level 8.0 Fighting
 + Level 11.1 Maces & Flails
 - Level 0.2 Throwing
 - Level 2.1 Armour
 + Level 4.4 Dodging
 - Level 0.3 Spellcasting


You had 9 spell levels left.
You didn't know any spells.
Your spell library was empty.

Dungeon Overview and Level Annotations

Branches:
Dungeon (7/15)             Temple (0/1) D:4

Altars:
Dithmenos
Gozag
Okawaru
Yredelemnul

Shops:
D:6 [(?[*


Innate Abilities, Weirdness & Mutations

You cannot be hasted, slowed, berserked, paralysed or teleported.
You can dig through walls and to a lower floor.
You have a pair of large antennae on your head. (SInv)
Your four strong arms can wield two-handed weapons with a shield.


Message History

Okay, then.
Unknown command.
Unknown command.
The gnoll misses you. The gnoll closely misses you.
The gnoll sergeant hits you from afar with a +4 trident of venom!
You impale the gnoll!!
You kill the gnoll!
Trog accepts your kill.
The gnoll sergeant hits you from afar with a +4 trident of venom!!
The gnoll sergeant hits you from afar with a +4 trident of venom!
You are poisoned.
Throw: throwing net
Press: ? - help, Shift-Dir - straight line, f - gnoll sergeant
Aim: a gnoll sergeant, wielding a +4 trident of venom and wearing a +0 ring mail (69% to hit)
You throw a throwing net.
The throwing net barely misses the gnoll sergeant.
You feel very sick. The gnoll sergeant closely misses you.
It was a potion of curing.
You feel better.
The gnoll sergeant hits you from afar with a +4 trident of venom!
* * * LOW HITPOINT WARNING * * *
Okay, then.
Unknown command.
Okay, then.
Unknown command.
Okay, then.
Unknown command.
The gnoll sergeant barely misses you.
You see here a +0 halberd of venom.
You closely miss the gnoll sergeant.
The gnoll sergeant hits you with a +4 trident of venom!!
* * * LOW HITPOINT WARNING * * *
You puncture the gnoll sergeant!
The gnoll sergeant is heavily wounded.
The gnoll sergeant misses you.
You barely miss the gnoll sergeant.
The gnoll sergeant is heavily wounded.
The gnoll sergeant hits you with a +4 trident of venom!
You die...

#.# #.# ##.##
#####...#########
..
......<...(.(..[.#
{ .#
######...###.#.#.#
## ##.## #.#.# ..
...# #g#.{{{...
##### #@#### {..
#.# {g. #.# {. #.#
#.# #.# #.. #.#
#.#.. ..# #.#
#.#.# #.# ..#
#.#.#


You could see a gnoll sergeant.

Vanquished Creatures
  A cyclops (D:7)
  Grinder (D:5)
  A water moccasin (D:5)
  An ice beast (D:6)
  3 sky beasts
  4 black bears
  An orc warrior (D:6)
  6 ogres
  2 phantoms
  2 bullfrogs
  2 scorpions (D:5)
  A howler monkey (D:6)
  5 hounds
  3 jellies
  4 iguanas
  2 orc wizards
  6 gnolls
  6 adders
  A shadow imp (D:7)
  A white imp (D:7)
  2 ufetubi
  2 worms
  3 dart slugs
  5 orcs
  3 bats
  8 endoplasms
  7 giant cockroaches
  5 goblins
  9 hobgoblins
  2 jackals (D:4)
  5 quokkas
  6 ball pythons
  2 frilled lizards
  A kobold (D:2)
  8 rats
121 creatures vanquished.

Notes
Turn   | Place    | Note
-------+----------+-------------------------------------------
     0 | D:1      | Gabide the Formicid Berserker began the quest for the Orb.
     0 | D:1      | Reached XP level 1. HP: 18/18 MP: 1/1
    64 | D:1      | Found a faded altar of an unknown god.
   167 | D:1      | Reached XP level 2. HP: 22/24 MP: 2/2
   860 | D:1      | Reached XP level 3. HP: 18/30 MP: 3/3
  1413 | D:2      | Found an iron altar of Okawaru.
  1615 | D:2      | Reached ** piety under Trog
  2314 | D:2      | Reached XP level 4. HP: 33/37 MP: 4/4
  2617 | D:3      | Reached skill level 4 in Maces & Flails
  2836 | D:3      | Reached XP level 5. HP: 24/42 MP: 5/5
  3297 | D:4      | Noticed an ogre
  3304 | D:4      | Killed an ogre
  3305 | D:4      | Reached skill level 5 in Maces & Flails
  3305 | D:4      | Reached XP level 6. HP: 49/49 MP: 6/6
  3326 | D:4      | Identified the +3 whip of Socsouch {antimagic, rN+}
  3330 | D:4      | Noticed an ogre
  3334 | D:4      | Killed an ogre
  3360 | D:4      | Reached XP level 7. HP: 21/55 MP: 7/7
  3576 | D:4      | Reached skill level 6 in Maces & Flails
  4042 | D:4      | Found a staircase to the Ecumenical Temple.
  4078 | D:4      | Reached skill level 5 in Fighting
  4655 | D:5      | Entered Level 5 of the Dungeon
  4702 | D:5      | Noticed Grinder
  4754 | D:5      | Killed Grinder
  5000 | D:5      | Noticed a water moccasin
  5004 | D:5      | Killed a water moccasin
  5005 | D:5      | Reached skill level 7 in Maces & Flails
  5005 | D:5      | Reached XP level 8. HP: 64/64 MP: 8/8
  5316 | D:5      | Reached skill level 8 in Maces & Flails
  6005 | D:5      | Reached XP level 9. HP: 71/71 MP: 9/9
  6006 | D:5      | Reached *** piety under Trog
  6327 | D:6      | Reached skill level 9 in Maces & Flails
  6355 | D:6      | Found Hesoa's Assorted Antiques.
  6372 | D:6      | Bought a clear potion for 19 gold pieces
  6372 | D:6      | Bought an opal ring for 110 gold pieces
  6372 | D:6      | Bought a dented sapphire amulet for 110 gold pieces
  6372 | D:6      | Bought a tourmaline ring for 110 gold pieces
  6784 | D:6      | Found Kuzxy's Antique Weapon Shop.
  6800 | D:6      | Found Myfolec's Magic Scroll Shoppe.
  6816 | D:6      | Found Hoef's Antique Armour Boutique.
  7015 | D:6      | Reached skill level 10 in Maces & Flails
  7386 | D:6      | Found Gaiwadif's Armour Emporium.
  7544 | D:6      | Found a basalt altar of Yredelemnul.
  7548 | D:6      | Found a shadowy altar of Dithmenos.
  7553 | D:6      | Found an opulent altar of Gozag.
  7844 | D:7      | Found an iron altar of Okawaru.
  7845 | D:7      | Noticed a cyclops
  7855 | D:7      | HP: 3/72 [cyclops (4)]
  7856 | D:7      | Killed a cyclops
  7857 | D:7      | Reached XP level 10. HP: 4/80 MP: 10/10
  8255 | D:7      | Reached skill level 11 in Maces & Flails
  8572 | D:7      | HP: 2/80 [gnoll sergeant/+4 trident of venom (18)]
  8574 | D:7      | Mangled by a gnoll sergeant

Illustrated notes

Levels and vault maps discovered:
D:1:      lightli_arrival_quake, layout_loops_ring,
          shapermc_ecumenical_altar_venn
D:2:      layout_basic, basic_altar, kennysheep_generic_room_6
D:3:      layout_rooms, nicolae_figureground_pulse
D:4:      layout_basic, minmay_temple_entry_slanted
D:5:      minmay_octagon_keep, layout_cave_pods, minmay_pentangle, uniq_grinder
D:6:      kb_forest_paths, layout_loops_corners, grunt_temple_overflow_diamond,
          serial_shops, shop, shop, shop, nicolae_square_shop,
          nicolae_shop_behind_doors, minmay_stone_trees_small
D:7:      layout_loops_ring, mainiacjoe_overflow_surrounded_room,
          minmay_increasing_density, uniq_menkaure

Skill      XL: |  1  2  3  4  5  6  7  8  9 10 |
---------------+-------------------------------+-----
Dodging        | 2 3 4 |  4.4
Fighting       | 4 5 6 7 8 |  8.0
Maces & Flails | 4 5 7 8 10 11 | 11.1
Throwing       | |  0.2
Armour         | |  2.1
Spellcasting   | |  0.3

Action                   |  1- 3 |  4- 6 |  7- 9 | 10-12 || total
-------------------------+-------+-------+-------+-------++-------
Melee: Mace              |    98 |    53 |       |       ||   151
       Punch             |     1 |       |       |       ||     1
       Flail             |       |     6 |       |       ||     6
       Giant club        |       |    13 |   141 |       ||   154
       Whip              |       |       |    14 |       ||    14
       Giant spiked club |       |       |    79 |    20 ||    99
Throw: Dart              |       |     3 |       |       ||     3
       Throwing net      |       |     1 |       |     1 ||     2
Invok: Trog's Hand       |       |     1 |     2 |       ||     3
 Abil: Dig               |       |       |     1 |       ||     1
  Use: Scroll            |     3 |     1 |     4 |       ||     8
       Potion            |       |       |       |     1 ||     1
 Stab: Sleeping          |     3 |       |       |       ||     3
       Held in net/web   |       |     1 |       |       ||     1
Armor: Animal skin       |    10 |       |       |       ||    10
       Ring mail         |    25 |     9 |    87 |     4 ||   125
Dodge: Dodged            |    49 |    48 |   197 |    22 ||   316
